 Dungeon Crawl Stone Soup version 0.29-a0-664-gff9cad4a3d (webtiles) character file.

Game seed: 17795809384241013539

2634 lunkers the Martial Artist (level 10, -2/63 (71) HPs)
             Began as a Meteoran Transmuter on June 22, 2022.
             Was a Believer of Ru.
             Slain by a wight
             ... wielding a +3 short sword
              (9 damage)
             ... on level 7 of the Dungeon.
             The game lasted 00:17:55 (3243 turns).

lunkers the Martial Artist (Meteoran Transmuter)    Turns: 3243, Time: 00:17:56

HP:   -2/63 (71)    AC:  8    Str: 14    XL:     10   Next: 14%
MP:   13/15         EV: 12    Int: 16    God:    Ru [**....]
Gold: 253           SH:  0    Dex: 16    Spells: 3/14 levels left

rFire   . . .      SeeInvis .     - Unarmed
rCold   + . .      Faith    .   (no shield)
rNeg    . . .      Spirit   .   a - +0 robe
rPois   +          Reflect  .   k - +1 helmet
rElec   .          Harm     .   (no cloak)
rCorr   .          Rampage  .   z - +2 pair of gloves
Will    +....                   G - +0 pair of boots
Stlth   +.........              (no amulet)
HPRegen 0.20/turn               e - ring of poison resistance
MPRegen 0.14/turn               r - ring of protection from cold

@: glowing, heavily drained
A: sense surroundings 2, hated by all, otherworldly, glowing, explore regen
a: Renounce Religion


You were on level 7 of the Dungeon.
You worshipped Ru.
Ru was pleased with you.
You visited 2 branches of the dungeon, and saw 8 of its levels.
You also visited: Ossuary.

You collected 253 gold pieces.

Inventory:

Hand Weapons
 f - the +8 whip of Atynet {vorpal, rN++ MP+9 Stlth-}
   (You found it on level 5 of the Dungeon)

   It inflicts extra damage upon your enemies.
   rN:        It greatly protects you from negative energy.
   MP:        It affects your magic capacity (+9).
   Stlth:     It makes you less stealthy.
 C - the +7 hunting sling "Cuem Yfeqyho" {speed, rN+ Int+3 Dex+2}
   (You found it on level 6 of the Dungeon)

   Attacks with this weapon are significantly faster.
   Int:       It affects your intelligence (+3).
   Dex:       It affects your dexterity (+2).
   rN:        It protects you from negative energy.
Armour
 a - a +0 robe (worn)
 k - a +1 helmet (worn)
 p - the +0 buckler of Disaster {Str-5 Int+10 Stlth+}
   (You found it on level 3 of the Dungeon)

   Str:       It affects your strength (-5).
   Int:       It affects your intelligence (+10).
   Stlth:     It makes you more stealthy.
 z - a +2 pair of gloves (worn)
 G - a +0 pair of boots (worn)
Jewellery
 e - a ring of poison resistance (left hand)
 r - a ring of protection from cold (right hand)
Wands
 t - a wand of mindburst (17)
 v - a wand of flame (10)
 y - a wand of quicksilver (10)
Scrolls
 c - 2 scrolls of blinking
 d - 3 scrolls of brand weapon
 g - 3 scrolls of teleportation
 i - 5 scrolls of poison
 A - 2 scrolls of fog
 D - a scroll of enchant armour
 E - a scroll of enchant weapon
 H - a scroll of noise {unknown}
Potions
 b - 2 potions of lignification
 h - 3 potions of heal wounds
 j - 2 potions of flight
 l - 2 potions of magic
 m - 3 potions of resistance
 n - 3 potions of brilliance
 o - a potion of invisibility
 q - 2 potions of curing
 s - a potion of haste {unknown}
 u - 2 potions of cancellation
 w - 2 potions of attraction
 x - a potion of berserk rage {unknown}
 B - a potion of ambrosia {unknown}
 F - a potion of might {unknown}


   Skills:
 - Level 1.1 Fighting
 - Level 2.4 Dodging
 + Level 12.4 Unarmed Combat
 - Level 2.6 Spellcasting
 * Level 9.8 Transmutations


You had 3 spell levels left.
You knew the following spells:

 Your Spells              Type           Power      Damage    Failure   Level
b - Blade Hands           Tmut           16%        N/A       10%         5
c - Spider Form           Tmut/Pois      17%        N/A       8%          3
d - Wereblood             Tmut           33%        N/A       1%          2
p - Beastly Appendage     Tmut           66%        N/A       1%          1

Your spell library contained the following spells:

 Spells                   Type           Power      Damage    Failure   Level
 Ice Form                 Ice/Tmut       17%        N/A       26%         4
 Irradiate                Conj/Tmut      8%         3d16      56%         5
 Dragon Form              Tmut           16%        N/A       96%         7


Dungeon Overview and Level Annotations

Branches:
Dungeon (7/15) Zot: 1557   Temple (1/1) D:5 Zot: 525 Ossuary (visited)

Altars:
Ashenzari
Cheibriados
Dithmenos
Elyvilon
Fedhas
Gozag
Hepliaklqana
Kikubaaqudgha
Makhleb
Nemelex Xobeh
Okawaru
Qazlal
Ru
Sif Muna
Trog
Uskayaw
Vehumet
Wu Jian
Xom
Yredelemnul
Zin
The Shining One


Innate Abilities, Weirdness & Mutations

You passively map the area around you.
You are hated by all.
You are easily found by Zot.
You glow in the dark.
You regain HP and MP as you explore.


Message History

* * * LOW HITPOINT WARNING * * *
You feel drained.
You see here a potion of flight.
Unknown command.
You slash the wight!
The wight is heavily damaged.
The wight stops glowing.
The wight hits you with a +3 short sword.
* * * LOW HITPOINT WARNING * * *
The wight closely misses you.
You barely miss the wight.
The wight is heavily damaged.
The wight hits you with a +3 short sword.
* * * LOW HITPOINT WARNING * * *
You barely miss the wight.
The wight is heavily damaged.
Unknown command.
You slash the wight!
The wight is almost destroyed.
Your hands revert to their normal proportions.
Your +2 pair of gloves unmelds from your body.
The wight hits you with a +2 spear.
* * * LOW HITPOINT WARNING * * *
You feel drained.
* * * LOW HITPOINT WARNING * * *
The wight hits you with a +3 short sword.
* * * LOW HITPOINT WARNING * * *
The wight hits you with a +0 battleaxe.
* * * LOW HITPOINT WARNING * * *
Unknown command.
The wight attacks as you move away! The wight closely misses you.
The wight hits you with a +3 short sword.
* * * LOW HITPOINT WARNING * * *
The wight hits you from afar with a +2 spear.
* * * LOW HITPOINT WARNING * * *
You feel drained.
* * * LOW HITPOINT WARNING * * *
The wight attacks as you move away!
The wight hits you with a +3 short sword!
You die...

.. , * #., * #.**
,.###.... * ,.. ..##
,........ * .#
#.............. .##
#..##........... ..##
...##....###...# ,z..*
...#.......#....##.## #
#...............zzz.#.##
#...#.....###.##@).....#
#..###.....##.#.)).....#
...#.#.....##.#)....?.##
##...............!....#
##......###...#......##
###.##### #...##.#####
*#..* #..###..# ,....*
#...*..## #...##
##.###<.


You could see 4 wights.

Vanquished Creatures
  Sigmund (D:5)
  Menkaure (D:5)
  Edmund (D:6)
  Duvessa (D:6)
  An orc warrior (D:7)
  2 ice beasts
  A black bear (D:6)
  An ogre (D:4)
  A phantom (D:5)
  Blork the orc (D:5)
  2 bullfrogs
  A scorpion (D:6)
  A necrophage (D:4)
  5 wights (D:7)
  Dowan (D:6)
  A howler monkey (D:5)
  3 hounds (D:5)
  A jelly (D:5)
  7 orc priests
  Natasha (thrice) (D:3)
  A gnoll shaman (D:5)
  2 iguanas
  An orc wizard (D:5)
  13 mummies (Ossuary)
  8 gnolls
  10 adders
  A white imp (D:6)
  An ufetubus (D:5)
  3 dart slugs
  18 orcs
  5 bats
  6 endoplasms
  5 giant cockroaches
  5 goblins
  6 hobgoblins
  8 kobolds
  4 quokkas
  12 ball pythons
  3 frilled lizards
  4 gnoll skeletons (Ossuary)
  3 kobold skeletons (Ossuary)
  An orc skeleton (Ossuary)
  5 rats
  11 rat skeletons (Ossuary)
172 creatures vanquished.

Notes
Turn   | Place    | Note
-------+----------+-------------------------------------------
     0 | D:1      | lunkers the Meteoran Transmuter began the quest for the
                  | Orb.
     0 | D:1      | Reached XP level 1. HP: 16/16 MP: 5/5
    58 | D:1      | Reached skill level 4 in Unarmed Combat
    58 | D:1      | Reached XP level 2. HP: 18/23 MP: 6/6
   177 | D:1      | Reached XP level 3. HP: 19/28 MP: 8/8
   209 | D:1      | Learned a level 2 spell: Wereblood
   213 | D:1      | Learned a level 3 spell: Spider Form
   440 | D:2      | Reached skill level 5 in Unarmed Combat
   440 | D:2      | Reached XP level 4. HP: 13/35 MP: 9/9
   487 | D:2      | Found a glowing silver altar of Zin.
   687 | D:2      | Reached XP level 5. HP: 32/40 MP: 8/10
   729 | D:3      | Noticed Natasha
   740 | D:3      | Killed Natasha
   745 | D:3      | Identified the +0 buckler of Disaster {Str-5 Int+10 Stlth+}
   952 | D:3      | Noticed Natasha
   968 | D:3      | Killed Natasha
   969 | D:3      | Reached skill level 6 in Unarmed Combat
  1089 | D:3      | Noticed Natasha
  1103 | D:3      | Killed Natasha
  1104 | D:3      | Reached XP level 6. HP: 25/47 MP: 9/11
  1356 | D:4      | Found a bloodstained altar of Trog.
  1381 | D:4      | Reached skill level 7 in Unarmed Combat
  1385 | D:4      | Reached XP level 7. HP: 38/52 MP: 9/12
  1432 | D:4      | Reached skill level 5 in Transmutations
  1507 | D:5      | Entered Level 5 of the Dungeon
  1511 | D:5      | Noticed Sigmund
  1537 | D:5      | Reached skill level 8 in Unarmed Combat
  1560 | D:5      | Noticed Blork the orc
  1573 | D:5      | Killed Blork the orc
  1603 | D:5      | Identified the +8 whip of Atynet {vorpal, rN++ MP+9 Stlth-}
  1643 | D:5      | Reached XP level 8. HP: 42/59 MP: 9/13
  1650 | D:5      | Found a staircase to the Ecumenical Temple.
  1662 | Temple   | Entered the Ecumenical Temple
  1723 | Temple   | Became a worshipper of Ru the Awakened
  1795 | D:5      | Found a sand-covered staircase.
  1804 | Ossuary  | Entered an ossuary
  2014 | Ossuary  | Reached skill level 9 in Unarmed Combat
  2310 | D:5      | Noticed Menkaure
  2315 | D:5      | Killed Menkaure
  2323 | D:5      | Learned a level 5 spell: Blade Hands
  2464 | D:5      | Reached skill level 10 in Unarmed Combat
  2594 | D:5      | Gained mutation: You passively map the area around you.
                  | [Meteoran growth]
  2594 | D:5      | Reached XP level 9. HP: 64/64 MP: 8/14
  2598 | D:5      | Found Cyhiygru's Weapon Shop.
  2612 | D:5      | Killed Sigmund
  2713 | D:6      | Noticed Duvessa
  2713 | D:6      | Noticed Dowan
  2722 | D:6      | Killed Duvessa
  2723 | D:6      | Reached skill level 11 in Unarmed Combat
  2729 | D:6      | Killed Dowan
  2826 | D:6      | Gained mutation: You are hated by all. [Ru sacrifice]
  2826 | D:6      | Reached * piety under Ru
  2826 | D:6      | Reached ** piety under Ru
  2929 | D:6      | Noticed Edmund
  2934 | D:6      | Killed Edmund
  2946 | D:6      | Identified the +7 hunting sling "Cuem Yfeqyho" {speed, rN+
                  | Int+3 Dex+2}
  3066 | D:6      | Reached skill level 12 in Unarmed Combat
  3141 | D:7      | Reached XP level 10. HP: 40/69 MP: 13/15
  3243 | D:7      | Slain by a wight

Illustrated notes

Levels and vault maps discovered:
D:1:      beargit_arrival_greenhouse, layout_rooms
D:2:      layout_basic, basic_altar, minmay_tripent
D:3:      layout_basic, uniq_natasha
D:4:      layout_cave_pools, kennysheep_mini
D:5:      layout_basic, minmay_temple_entry_tees,
          lightli_ossuary_entry_decrepit_ruins, serial_shops,
          nicolae_shop_hallway_plus, uniq_crazy_yiuf_cottage, uniq_pikel,
          uniq_menkaure, uniq_blork_the_orc, uniq_sigmund
D:6:      nicolae_cairo_tiling_very_big, layout_basic, uniq_duvessa, uniq_edmund
D:7:      layout_cave_pools, kennysheep_generic_room_11
Temple:   compressed_dpeg_triangle_lava_temple

Skill      XL: |  1  2  3  4  5  6  7  8  9 |
---------------+----------------------------+-----
Unarmed Combat | 4 5 6 7 8 10 12 | 12.4
Transmutations | 3 4 5 7 9 |  9.8
Fighting       | |  1.1
Dodging        | |  2.4
Spellcasting   | |  2.6

Action                   |  1- 3 |  4- 6 |  7- 9 | 10-12 || total
-------------------------+-------+-------+-------+-------++-------
Melee: Unarmed           |    73 |   126 |   295 |    13 ||   507
       Punch             |     1 |       |     3 |       ||     4
       Kick              |     7 |       |       |       ||     7
       Headbutt          |     6 |       |       |       ||     6
 Cast: Beastly Appendage |     5 |       |       |       ||     5
       Spider Form       |     2 |    12 |    26 |     1 ||    41
       Blade Hands       |       |       |     3 |     1 ||     4
Invok: Sacrifice Love    |       |       |     1 |       ||     1
  Use: Scroll            |       |    13 |     7 |       ||    20
Armor: Robe              |    25 |    16 |     7 |     3 ||    51
       Skin              |       |     6 |    12 |       ||    18
Dodge: Dodged            |    44 |    89 |   143 |     6 ||   282
Block: Buckler           |       |     2 |     3 |       ||     5

Table legend: (Time is in decaauts)
 A = Elapsed time spent in this place.
 B = Non-inter-level travel time spent in this place.
 C = Inter-level travel time spent in this place.
 D = Time resting spent in this place.
 E = Time spent auto-exploring this place.
 F = Levels seen in this place.
 G = Mean time per level.
                   A        B        C        D        E       F      G
               +--------+--------+--------+--------+--------+-----+--------+
         Total |   3178 |   3142 |     36 |    103 |    374 |   9 |  353.1 |
       Dungeon |   2642 |   2642 |      0 |      0 |    260 |   7 |  377.4 |
        Temple |     74 |     38 |     36 |      0 |      0 |   1 |   74.0 |
       Ossuary |    461 |    461 |      0 |    103 |    114 |   1 |  461.0 |
               +--------+--------+--------+--------+--------+-----+--------+

Top non-repeatable levels by time:
     D:5: 615 daAuts
     D:3: 492 daAuts
 Ossuary: 461 daAuts
     D:6: 422 daAuts
     D:2: 408 daAuts
     D:1: 309 daAuts
     D:4: 282 daAuts
     D:7: 112 daAuts
  Temple: 74 daAuts
